AoeStats
← RagnarLothbrok

Lombardia

509098291Analyzed
4v4 RM · 7d ago on Sep 25, 2026· 37m 8s· 8 players
Game mode
Random Map
Map size
Large (8 player)
Population
200
Speed
Normal
Resources
Standard
Victory
Conquest
Starting age
Dark Age
Ending age
Imperial Age
RankedLock teamsTeams togetherTeam positionsShared explorationLock speedFull tech treeHidden civsTurbo modeCheats
Victory
Defeat
🇻🇪 Mongols · Venezuela
1382
+15
🇨🇭 Saxons · Switzerland
1381
+16
🇩🇪 Persians · Germany
1367
+16
🇮🇳 Varangians · India
1285
+20
🇨🇳 Mongols · China
1384
-17
🇻🇳 Huns · Vietnam
1371
-17
🇦🇷 Ethiopians · Argentina
1366
-17
🇹🇼 Varangians · Taiwan
1352
-16
托尼
9:06 Loom
11:14 Feudal Age
12:04 Double-Bit Axe
12:01 Horse Collar
16:57 Castle Age
西湖天地
9:40 Feudal Age
16:00 Castle Age
15:41 Double-Bit Axe
Ky
10:54 Feudal Age
16:51 Castle Age
17:24 Double-Bit Axe
17:24 Horse Collar
18:43 Gold Mining
18:58 Loom
20:00 Heavy Plow
20:17 Bow Saw
20:50 Wheelbarrow
21:14 Scale Barding Armor
23:25 Forging
25:21 Bloodlines
25:11 Husbandry
27:39 Chain Barding Armor
28:07 Iron Casting
27:35 Marauders
30:12 Gold Shaft Mining
KanA
8:48 Loom
11:05 Feudal Age
17:54 Castle Age
17:13 Double-Bit Axe
17:19 Gold Mining
17:11 Horse Collar
17:42 Fletching
17:59 Crossbowman
18:38 Bodkin Arrow
21:38 Padded Archer Armor
22:21 Wheelbarrow
24:22 Ballistics
24:28 Ballistics
25:28 Leather Archer Armor
27:10 Thumb Ring
30:33 Hand Cart
30:29 Bow Saw
30:20 Heavy Plow
30:11 Stone Mining
31:31 Town Watch
33:38 Murder Holes
33:54 Fortified Wall
34:27 Gold Shaft Mining
38:14 Imperial Age
lorddoc
4:49 Loom
10:31 Feudal Age
14:58 Castle Age
15:16 Double-Bit Axe
20:32 Horse Collar
21:25 Padded Archer Armor
22:18 Fletching
23:01 Bodkin Arrow
23:42 Leather Archer Armor
25:34 Thumb Ring
27:16 Wheelbarrow
27:22 Ballistics
27:15 Husbandry
27:43 Bloodlines
28:03 Gold Mining
30:04 Gold Shaft Mining
29:54 Bow Saw
35:37 Imperial Age
35:26 Hand Cart
35:40 Cranequins
36:29 Bracer
37:05 Ring Archer Armor
37:43 Chemistry
RagnarLothbrok
10:24 Feudal Age
9:42 Loom
11:27 Feudal Age
12:45 Double-Bit Axe
12:49 Horse Collar
15:44 Castle Age
15:27 Stone Mining
16:43 Bow Saw
Kallemann
5:53 Loom
6:07 Loom
8:13 Feudal Age
8:56 Double-Bit Axe
17:36 Wheelbarrow
21:37 Castle Age
20:12 Gold Mining
20:03 Horse Collar
20:44 Scale Barding Armor
21:41 Bloodlines
21:44 Forging
22:27 Chain Barding Armor
22:18 Husbandry
28:55 Iron Casting
28:48 Town Watch
31:22 Gold Shaft Mining
33:03 Hand Cart
38:28 Imperial Age
36:14 Bow Saw
36:11 Heavy Plow
37:15 Fletching
37:39 Masonry
37:33 Town Patrol
RockAxe2
10:17 Feudal Age
9:45 Loom
15:19 Castle Age
13:50 Horse Collar
15:36 Double-Bit Axe
16:15 Heavy Plow
20:03 Fletching
20:50 Bow Saw
21:18 Bodkin Arrow
22:28 Padded Archer Armor
23:24 Bloodlines
23:14 Husbandry
27:57 Wheelbarrow
27:08 Town Watch
30:07 Ballistics
33:27 Hand Cart
33:13 Town Patrol
37:21 Imperial Age
35:25 Scale Barding Armor
35:31 Forging
36:48 Chain Barding Armor
37:32 Iron Casting
36:31 Vendel Legacy
Connection lost

Rejoining the realm…

Still unreachable

The connection could not be restored.

Session expired

The server has moved on; the page needs a fresh start.